 Dungeon Crawl Stone Soup version 0.32-a0-306-gfed3edf829 (webtiles) character file.

Game seed: 8080955680639422728

70 n00bmints the Trooper (level 4, 0/37 HPs)
             Began as a Demonspawn Berserker on Feb 15, 2024.
             Was a Follower of Trog.
             Slain by a gnoll
             ... wielding a +0 spear
             ... led by a gnoll bouda
              (6 damage)
             ... on level 3 of the Dungeon.
             The game lasted 00:14:34 (1929 turns).

n00bmints the Trooper (Demonspawn Berserker)        Turns: 1929, Time: 00:14:35

Health: 0/37       AC: 14    Str: 16 (19) XL:     4   Next: 4%
Magic:  4/4        EV: 10    Int:  4 (7)  God:    Trog [*.....]
Gold:   120        SH:  0    Dex: 11 (13) Spells: 3/3 levels left

rFire   . . .        a - +0 mace
rCold   + . .        (no shield)
rNeg    . . .        r - +3 scale mail {rC+}
rPois   .            g - +0 helmet
rElec   .            (no cloak)
rCorr   +            n - +0 pair of gloves
SInv    .            m - +0 pair of boots
Will    .....        (no amulet) Stlth
                     k - ring of resist corrosion
HPRegen 0.26/turn    (no ring)
MPRegen 0.18/turn

%: no passive effects
@: no status effects
A: slimy green scales 1, magic regeneration
a: Renounce Religion, Berserk


You were on level 3 of the Dungeon.
You worshipped Trog.
Trog was aware of your devotion.
You visited 1 branch of the dungeon, and saw 3 of its levels.

You collected 120 gold pieces.

Inventory:

Hand Weapons
 a - a +0 mace (weapon)
Armour
 b - a +0 animal skin
 e - a +0 leather armour
 g - a +0 helmet (worn)
 m - a +0 pair of boots (worn)
 n - a +0 pair of gloves (worn)
 r - a +3 scale mail of cold resistance (worn)
Jewellery
 k - a ring of resist corrosion (left hand)


   Skills:
 + Level 3.7 Fighting
 + Level 3.5 Maces & Flails
 + Level 2.0 Armour
 + Level 2.2 Dodging
 + Level 0.1 Stealth


You had 3 spell levels left.
You didn't know any spells.
Your spell library contained the following spells:

 Spells                   Type           Power      Damage    Failure   Level
 Apportation              Tloc           0%         N/A       91%         1
 Necrotise                Necr           0%         1d4       91%         1
 Sting                    Conj/Alch      0%         1d3       91%         1
 Summon Small Mammal      Summ           0%         N/A       91%         1


Dungeon Overview and Level Annotations

Branches:
Dungeon (3/15)

Altars:


Innate Abilities, Weirdness & Mutations

You are partially covered in slimy green scales. (AC +2)
You regenerate magic rapidly.


Message History

The giant cockroach attacks as it pursues you!
The giant cockroach bites you but does no damage.
The gnoll bouda gazes fiercely through you!
You feel as though you will be weak longer.
The gnoll bouda closely misses you.
The orc priest miscasts a cantrip.
The gnoll barely misses you.
The gnoll bouda barks out a call to the hunt!
The gnoll picks up the pace!
The gnoll hits you but does no damage. The orc hits you but does no damage.
The giant cockroach waves its antennae.
The gnoll misses you. The gnoll attacks as it pursues you!
The gnoll hits you but does no damage.
The gnoll bouda attacks as it pursues you!
The gnoll bouda hits you but does no damage.
The gnoll hits you but does no damage. The orc attacks as it pursues you!
The orc hits you but does no damage.
You hit the gnoll.
The gnoll is heavily wounded.
Your attacks no longer feel as feeble.
The orc closely misses you. The gnoll closely misses you.
The gnoll hits you but does no damage. The orc barely misses you.
You hit the gnoll.
The gnoll is severely wounded.
The giant cockroach bites you but does no damage.
The gnoll hits you with a +0 flail.
* * * LOW HITPOINT WARNING * * *
The gnoll barely misses you. The orc hits you but does no damage.
The giant cockroach closely misses you.
Welcome back, n00bmints the Demonspawn Berserker.
Trog says: Kill them all!
Press ? for a list of commands and other information.
The gnoll is no longer moving quickly. x2
The gnoll hits you but does no damage. The gnoll attacks as it pursues you!
The gnoll barely misses you.
You barely miss the orc priest. The gnoll hits you with a +0 flail.
* * * LOW HITPOINT WARNING * * *
The gnoll hits you from afar with a +0 spear.
You die...

.........##.....
#..!..............g
#...........##.....
#...........##.....
#...........##.....
#...........##.....
#.g.go......##.....
#.og.o......#######
#.@Bogg.....#
#############


You could see a gnoll bouda, an orc priest, 4 gnolls, 3 orcs and a giant
cockroach.

Vanquished Creatures
  2 adders (D:2)
  A ribbon worm (D:3)
  2 dart slugs
  An endoplasm (D:3)
  2 giant cockroaches (D:1)
  3 goblins (D:1)
  2 hobgoblins
  A quokka (D:1)
  4 ball pythons
  2 bats (D:1)
  3 frilled lizards (D:1)
  4 rats
27 creatures vanquished.

Notes
Turn   | Place    | Note
-------+----------+-------------------------------------------
     0 | D:1      | n00bmints the Demonspawn Berserker began the quest for the
                  | Orb.
     0 | D:1      | Reached XP level 1. HP: 18/18 MP: 1/1
   298 | D:1      | Gained mutation: You regenerate magic rapidly. [demonic
                  | ancestry]
   298 | D:1      | Reached XP level 2. HP: 24/24 MP: 2/2
   725 | D:1      | Gained mutation: You are partially covered in slimy green
                  | scales. (AC +2) [demonic ancestry]
   725 | D:1      | Reached XP level 3. HP: 29/29 MP: 3/3
  1698 | D:3      | Reached XP level 4. HP: 26/37 MP: 4/4
  1720 | D:3      | HP: 1/37 [gnoll/+0 spear[a gnoll bouda] (4)]
  1929 | D:3      | Slain by a gnoll

Illustrated notes

Levels and vault maps discovered:
D:1:      psy_arrival_fountain, layout_loops_cross
D:2:      layout_rooms
D:3:      layout_basic, mainiacjoe_overflow_small_starburst

Skill      XL: |  1  2  3 |
---------------+----------+-----
Maces & Flails | 3 |  3.5
Dodging        | 2 |  2.2
Armour         | 2 |  2.0
Fighting       | |  3.7
Stealth        | |  0.1

Action                     |  1- 3 |  4- 6 || total
---------------------------+-------+-------++-------
  Melee: Mace              |   118 |    10 ||   128
    Use: Potion            |       |     6 ||     6
         Scroll            |       |     4 ||     4
 Armour: Animal skin       |    39 |       ||    39
         Leather armour    |    32 |       ||    32
         Scale mail        |     6 |    71 ||    77
  Dodge: Dodged            |    80 |    46 ||   126

Table legend: (Time is in decaauts)
 A = Elapsed time spent in this place.
 B = Non-inter-level travel time spent in this place.
 C = Inter-level travel time spent in this place.
 D = Time resting spent in this place.
 E = Time spent auto-exploring this place.
 F = Levels seen in this place.
 G = Mean time per level.
                   A        B        C        D        E       F      G
               +--------+--------+--------+--------+--------+-----+--------+
         Total |   1961 |   1946 |     15 |      0 |      0 |   3 |  653.7 |
       Dungeon |   1961 |   1946 |     15 |      0 |      0 |   3 |  653.7 |
               +--------+--------+--------+--------+--------+-----+--------+

Top non-repeatable levels by time:
     D:1: 955 daAuts
     D:2: 652 daAuts
     D:3: 353 daAuts
